 Dungeon Crawl Stone Soup version 0.30-a0-174-gbc10bd73c2 (webtiles) character file.

Game seed: 83699762854234954

3324 qw the Cleaver (level 10, -2/61 HPs)
             Began as a Gargoyle Fighter on Oct 1, 2022.
             Was a Believer of Okawaru.
             Killed from afar by an ice statue (29 damage)
             ... with a shard of ice
             ... on level 9 of the Dungeon.
             The game lasted 00:02:20 (6574 turns).

qw the Cleaver (Gargoyle Fighter)                   Turns: 6574, Time: 00:02:21

Health: -2/61      AC: 21    Str: 29    XL:     10   Next: 2%
Magic:  12/13      EV:  9    Int: 10    God:    Okawaru [**....]
Gold:   373        SH: 11    Dex:  9    Spells: 9/9 levels left

rFire   . . .      SeeInvis .    Y - +2 war axe (flame)
rCold   . . .      Faith    .    l - +0 kite shield
rNeg    + . .      Spirit   .    p - +0 chain mail
rPois   inf        Reflect  .    (no helmet)
rElec   +          Harm     .    m - +0 cloak
rCorr   +          Rampage  .    f - +0 pair of gloves
Will    .....                    (no boots)
Stlth   ..........               b - amulet of regeneration
HPRegen 1.10/turn                a - ring of resist corrosion
MPRegen 0.13/turn                n - +6 ring of strength

@: heroic
A: sickness immunity, AC +7, negative energy resistance 1, electricity
resistance, torment resistance 1, petrification resistance
a: Renounce Religion, Heroism


You were on level 9 of the Dungeon.
You worshipped Okawaru.
Okawaru was pleased with you.
You visited 2 branches of the dungeon, and saw 10 of its levels.

You collected 373 gold pieces.


Innate Abilities, Weirdness & Mutations

You are immune to sickness and miasma.
Your stone body is resilient. (AC +7)
You are immune to poison.
You resist negative energy. (rN+)
You are resistant to electric shocks. (rElec)
You are resistant to unholy torment.
You are immune to petrification.


   Skills:
 + Level 6.4(11.4) Fighting
 - Level 9.0(14.0) Axes
 - Level 1.2(6.2) Throwing
 - Level 4.1(9.1) Armour
 - Level 1.0(6.0) Dodging
 - Level 8.1(13.1) Shields
 - Level 4.2 Invocations


You had 9 spell levels left.
You didn't know any spells.
Your spell library was empty.

Inventory:

Hand Weapons
 Y - a +2 war axe of flaming (weapon)
Missiles
 t - 4 boomerangs (quivered)
Armour
 f - a +0 pair of gloves (worn)
 l - a +0 kite shield (worn)
 m - a +0 cloak (worn)
 p - a +0 chain mail (worn)
Jewellery
 a - a ring of resist corrosion (left hand)
 b - an amulet of regeneration (around neck)
 h - a ring of fire
 n - a +6 ring of strength (right hand)
Scrolls
 e - a scroll of identify
 r - 6 scrolls of teleportation
Potions
 d - 2 potions of might
 g - a potion of magic
 j - 3 potions of lignification
 k - 2 potions of resistance
 o - a potion of curing
 q - 4 potions of heal wounds
 u - a potion of mutation {unknown}

Dungeon Overview and Level Annotations

Branches:
Dungeon (9/15)             Temple (1/1) D:5             Orc (0/2) D:9
   Lair: D:8-11

Altars:
Ashenzari
Cheibriados
Dithmenos
Elyvilon
Fedhas
Gozag
Hepliaklqana
Kikubaaqudgha
Nemelex Xobeh
Okawaru
Qazlal
Ru
Sif Muna
Trog
Uskayaw
Vehumet
Xom
Yredelemnul
Zin

Shops:
D:5 :   D:9 (

Annotations:
D:3 3 runed translucent doors, qw's ghost, amateur GrFi
D:9 3 runed translucent doors, qw's ghost, journeyman GrFi; qw's ghost, novice GrFi


Message History

You kill the gnoll sergeant!
Okawaru accepts your kill.
You slice the gnoll!! You burn the gnoll.
You kill the gnoll!
Okawaru accepts your kill. The dart slug launches a dart at you.
The slug dart hits you but does no damage.
You feel like a meek peon again. The dart slug launches a dart at you.
The slug dart hits you but does no damage.
You now have 373 gold pieces (gained 14).
Found a potion of brilliance.
The dart slug launches a dart at you. The slug dart hits you.
You block the dart slug's attack.
You hit the dart slug. You burn the dart slug.
The dart slug is severely wounded.
You slice the dart slug!! You burn the dart slug.
You kill the dart slug!
Okawaru accepts your kill.
An ice statue comes into view.
Found a book of Vapours.
6567 ||| INVOKING Heroism.
You gain the combat prowess of a mighty hero.
The ice statue gestures.
You hit the ice beast but do no damage. You slash the ice beast!
You melt the ice beast.
The ice beast is heavily wounded.
The ice beast hits you but does no damage.
The ice statue gestures at you.
The bolt of cold hits the ice beast.
The ice beast completely resists.
The bolt of cold hits you!!!
Ouch! That really hurt!
You slash the ice beast!
You melt the ice beast!
You kill the ice beast!
The ice beast disappears in a puff of smoke!
The ice statue glitters chillingly in the dim dungeon light.
The ice statue gestures at you. The shard of ice hits you!!
You die...

...~~~......
..#......:.###~~~~~.....
...........##_~~.~~...#
...........###%~~~))..#
...........#...~~).#
...........#.......+
...........#.......#
.....8!....#.......###+#
.......@................
.............^..........
........................
........................
........................
......#.................
......#####.............
###+#.............#####'
#.............+.....


You could see an ice statue.

Vanquished Creatures
  A troll (D:9)
  A hornet (D:8)
  2 wyverns
  2 steam dragons (D:8)
  An acid dragon (D:8)
  An orc warrior (D:8)
  2 sky beasts
  A black bear (D:5)
  2 ogres
  2 centaurs
  A phantom (D:5)
  4 bullfrogs
  2 necrophages (D:8)
  A scorpion (D:5)
  2 gnoll sergeants
  2 howler monkeys
  A jelly (D:6)
  2 gnoll boudas
  4 orc priests
  3 hounds
  An iguana (D:7)
  7 orc wizards (D:8)
  18 gnolls
  9 adders
  2 white imps
  2 ufetubi
  A worm (D:2)
  A dart slug (D:9)
  24 orcs
  8 endoplasms
  6 giant cockroaches
  4 goblins
  7 hobgoblins
  A quokka (D:4)
  3 ball pythons
  6 bats
  5 frilled lizards
  5 kobolds
  7 rats
154 creatures vanquished.

Vanquished Creatures (others)
  4 withered plants (D:9)
4 creatures vanquished.

Grand Total: 158 creatures vanquished

Notes
Turn   | Place    | Note
-------+----------+-------------------------------------------
     0 | D:1      | qw the Gargoyle Fighter began the quest for the Orb.
     0 | D:1      | Reached XP level 1. HP: 14/14 MP: 1/1
     0 | D:1      | 0 ||| qw: Version: 0.2-a-13-gfc7b4b4
     0 | D:1      | 0 ||| qw: Game counter: 1840
     0 | D:1      | 0 ||| qw: Always use a shield: true
     0 | D:1      | 0 ||| qw: God list: Okawaru
     0 | D:1      | 0 ||| qw: Allow faded altars: false
     0 | D:1      | 0 ||| qw: Do Orc after D:15 true
     0 | D:1      | 0 ||| qw: Do second Lair branch before Depths: true
     0 | D:1      | 0 ||| qw: Lair rune preference: random
     0 | D:1      | 0 ||| qw: Plans: Normal, Zot:1-4, God:TSO, Crypt, Tomb,
                  | Pan, Slime:5, Hells, Abyss, Orb
     0 | D:1      | 0 ||| PLANNING D:1-11
    20 | D:1      | 20 ||| Stepping ~*~*~tactically~*~*~ (stealth).
    26 | D:1      | Reached skill level 2 in Axes
   129 | D:1      | Reached XP level 2. HP: 19/19 MP: 2/2
   167 | D:1      | Found a faded altar of an unknown god.
   292 | D:1      | 292 ||| Stepping ~*~*~tactically~*~*~ (stealth).
   672 | D:1      | 672 ||| READING 2 scrolls labelled OVVUOD RIDOHIHU.
   677 | D:1      | 677 ||| READING scroll labelled KEFACK ULOSIAG.
   678 | D:1      | 678 ||| READING 2 scrolls labelled RIRAGYSOENE.
   679 | D:1      | 679 ||| DROPPING scroll of magic mapping.
   772 | D:2      | Reached skill level 3 in Axes
   826 | D:2      | 826 ||| Stepping ~*~*~tactically~*~*~ (stealth).
   832 | D:2      | Reached XP level 3. HP: 23/23 MP: 3/3
   892 | D:2      | 892 ||| Stepping ~*~*~tactically~*~*~ (stealth).
  1428 | D:2      | 1428 ||| DROPPING ring of magical power.
  1429 | D:2      | 1429 ||| READING 3 scrolls labelled PUCUESK WOYMAET.
  1430 | D:2      | 1430 ||| READING scroll labelled PUD WIENNOURIA.
  1431 | D:2      | 1431 ||| DROPPING +0 club.
  1432 | D:2      | 1432 ||| DRINKING 2 murky golden potions.
  1433 | D:2      | 1433 ||| READING 2 scrolls of identify.
  1433 | D:2      | 1433 ||| IDENTIFYING bubbling black potion
  1512 | D:3      | Found a sparkling altar of Nemelex Xobeh.
  1514 | D:3      | 1514 ||| Stepping ~*~*~tactically~*~*~ (stealth).
  1555 | D:3      | Found a runed translucent gate.
  1555 | D:3      | Found a runed translucent gate.
  1556 | D:3      | Found a runed translucent gate.
  1556 | D:3      | Noticed qw's ghost (amateur GrFi)
  1604 | D:3      | Reached XP level 4. HP: 28/28 MP: 4/4
  1605 | D:3      | Found a broken altar of Ashenzari.
  1810 | D:3      | Reached skill level 4 in Axes
  2286 | D:3      | 2286 ||| UPGRADING to +0 cloak.
  2291 | D:3      | 2291 ||| READING scroll labelled WUIRUASKAOK.
  2292 | D:3      | 2292 ||| READING scroll labelled BENIUDGH LOSA.
  2432 | D:4      | 2432 ||| Stepping ~*~*~tactically~*~*~ (stealth).
  2454 | D:4      | 2454 ||| Stepping ~*~*~tactically~*~*~ (stealth).
  2455 | D:4      | 2455 ||| Stepping ~*~*~tactically~*~*~ (stealth).
  2456 | D:4      | 2456 ||| Stepping ~*~*~tactically~*~*~ (stealth).
  2465 | D:4      | Reached XP level 5. HP: 17/32 MP: 5/5
  2477 | D:4      | Reached skill level 5 in Axes
  2642 | D:4      | 2642 ||| Stepping ~*~*~tactically~*~*~ (stealth).
  2644 | D:4      | 2644 ||| Stepping ~*~*~tactically~*~*~ (hiding).
  2651 | D:4      | HP: 8/32 [gnoll/+0 halberd (6)]
  2652 | D:4      | 2652 ||| READING scroll of teleportation.
  2653 | D:4      | 2653 ||| DRINKING 2 potions of heal wounds.
  2656 | D:4      | Reached skill level 1 in Throwing
  2662 | D:4      | HP: 6/32 [gnoll/+0 halberd (9)]
  2663 | D:4      | 2663 ||| DRINKING potion of heal wounds.
  2711 | D:4      | Reached XP level 6. HP: 38/38 MP: 6/6
  2840 | D:4      | Reached skill level 1 in Dodging
  3105 | D:4      | 3105 ||| UPGRADING to +0 chain mail.
  3115 | D:4      | 3115 ||| DROPPING +0 scale mail.
  3116 | D:4      | 3116 ||| UPGRADING to ring of resist corrosion.
  3117 | D:4      | 3117 ||| UPGRADING to +6 ring of strength.
  3118 | D:4      | 3118 ||| READING 2 scrolls of identify.
  3118 | D:4      | 3118 ||| IDENTIFYING fuming red potion
  3119 | D:4      | 3119 ||| DROPPING potion of degeneration.
  3157 | D:5      | Entered Level 5 of the Dungeon
  3166 | D:5      | 3166 ||| STAIRDANCE
  3382 | D:5      | 3382 ||| Stepping ~*~*~tactically~*~*~ (hiding).
  3391 | D:5      | Reached XP level 7. HP: 34/44 MP: 7/7
  3430 | D:5      | Found Xoarabor's Tremendous Tomes.
  3458 | D:5      | 3458 ||| Stepping ~*~*~tactically~*~*~ (hiding).
  3460 | D:5      | 3460 ||| Stepping ~*~*~tactically~*~*~ (hiding).
  3461 | D:5      | 3461 ||| Stepping ~*~*~tactically~*~*~ (hiding).
  3462 | D:5      | 3462 ||| Stepping ~*~*~tactically~*~*~ (hiding).
  3463 | D:5      | 3463 ||| Stepping ~*~*~tactically~*~*~ (hiding).
  3482 | D:5      | 3482 ||| Stepping ~*~*~tactically~*~*~ (stealth).
  3485 | D:5      | 3485 ||| Stepping ~*~*~tactically~*~*~ (stealth).
  3488 | D:5      | Reached skill level 6 in Axes
  3515 | D:5      | Found an opulent altar of Gozag.
  3659 | D:5      | 3659 ||| Stepping ~*~*~tactically~*~*~ (stealth).
  3663 | D:5      | 3663 ||| Stepping ~*~*~tactically~*~*~ (stealth).
  3666 | D:5      | 3666 ||| Stepping ~*~*~tactically~*~*~ (stealth).
  3685 | D:5      | Found a staircase to the Ecumenical Temple.
  3686 | D:5      | 3686 ||| PLANNING TEMPLE
  3686 | D:5      | 3686 ||| UPGRADING to amulet of regeneration.
  3691 | D:5      | 3691 ||| DROPPING ring of wizardry.
  3692 | D:5      | 3692 ||| DRINKING 2 grey potions.
  3707 | D:5      | 3707 ||| READING 3 scrolls of identify.
  3707 | D:5      | 3707 ||| IDENTIFYING viscous pink potion
  3708 | D:5      | 3708 ||| READING 2 scrolls of identify.
  3708 | D:5      | 3708 ||| IDENTIFYING sedimented white potion
  3709 | D:5      | 3709 ||| DROPPING potion of berserk rage.
  3710 | D:5      | 3710 ||| DROPPING potion of ambrosia.
  3715 | Temple   | Entered the Ecumenical Temple
  3828 | Temple   | 3828 ||| PLANNING D:1-11
  4088 | D:5      | Reached skill level 7 in Axes
  4455 | D:5      | 4455 ||| READING scroll labelled AVIEVO IRHAU.
  4484 | D:6      | 4484 ||| Stepping ~*~*~tactically~*~*~ (hiding).
  4580 | D:6      | 4580 ||| Stepping ~*~*~tactically~*~*~ (stealth).
  4582 | D:6      | Found an iron altar of Okawaru.
  4583 | D:6      | 4583 ||| PLANNING OKAWARU WORSHIP
  4591 | D:6      | Became a worshipper of Warmaster Okawaru
  4592 | D:6      | 4592 ||| PLANNING D:1-11
  4616 | D:6      | Reached XP level 8. HP: 28/49 MP: 8/8
  4659 | D:6      | Found a white marble altar of Elyvilon.
  4661 | D:6      | Found a bloodstained altar of Trog.
  4801 | D:6      | Noticed an air elemental
  4803 | D:6      | Found a stormy altar of Qazlal.
  4804 | D:6      | 4804 ||| UPGRADING to +0 pair of gloves.
  4812 | D:6      | Noticed a water elemental
  4936 | D:6      | 4936 ||| DRINKING 3 smoky black potions.
  4937 | D:6      | 4937 ||| READING 2 scrolls of identify.
  4937 | D:6      | 4937 ||| IDENTIFYING puce potion
  5054 | D:7      | 5054 ||| Stepping ~*~*~tactically~*~*~ (stealth).
  5085 | D:7      | 5085 ||| Stepping ~*~*~tactically~*~*~ (stealth).
  5086 | D:7      | 5086 ||| Stepping ~*~*~tactically~*~*~ (stealth).
  5093 | D:7      | Reached skill level 8 in Axes
  5132 | D:7      | 5132 ||| Stepping ~*~*~tactically~*~*~ (hiding).
  5133 | D:7      | 5133 ||| Stepping ~*~*~tactically~*~*~ (hiding).
  5143 | D:7      | 5143 ||| Stepping ~*~*~tactically~*~*~ (stealth).
  5145 | D:7      | 5145 ||| Stepping ~*~*~tactically~*~*~ (hiding).
  5148 | D:7      | Noticed a wyvern
  5155 | D:7      | Reached * piety under Okawaru
  5156 | D:7      | 5156 ||| INVOKING Heroism.
  5159 | D:7      | Reached skill level 6 in Fighting
  5159 | D:7      | Reached skill level 1 in Invocations
  5161 | D:7      | Killed a wyvern
  5196 | D:7      | Found a shadowy altar of Dithmenos.
  5301 | D:7      | 5301 ||| Stepping ~*~*~tactically~*~*~ (hiding).
  5310 | D:7      | Reached skill level 3 in Invocations
  5310 | D:7      | Reached XP level 9. HP: 55/55 MP: 9/11
  5466 | D:7      | 5466 ||| UPGRADING to +0 kite shield.
  5476 | D:7      | 5476 ||| DROPPING +0 buckler.
  5477 | D:7      | 5477 ||| READING scroll labelled YTEBISH WEAJ.
  5538 | D:8      | 5538 ||| INVOKING Heroism.
  5634 | D:8      | 5634 ||| FLEEEEING.
  5635 | D:8      | 5635 ||| FLEEEEING.
  5636 | D:8      | 5636 ||| FLEEEEING.
  5637 | D:8      | 5637 ||| FLEEEEING.
  5638 | D:8      | 5638 ||| FLEEEEING.
  5639 | D:8      | 5639 ||| FLEEEEING.
  5640 | D:8      | 5640 ||| FLEEEEING.
  5641 | D:8      | 5641 ||| INVOKING Heroism.
  5666 | D:8      | 5666 ||| READING scroll of enchant weapon.
  5666 | D:8      | 5666 ||| ENCHANTING +1 war axe of flaming.
  5691 | D:8      | 5691 ||| INVOKING Heroism.
  5704 | D:8      | Reached ** piety under Okawaru
  5711 | D:8      | 5711 ||| Stepping ~*~*~tactically~*~*~ (hiding).
  5714 | D:8      | 5714 ||| Stepping ~*~*~tactically~*~*~ (hiding).
  5862 | D:8      | Noticed a hornet
  5865 | D:8      | Killed a hornet
  5866 | D:8      | Reached skill level 6 in Shields
  5873 | D:8      | Found a shadowy altar of Dithmenos.
  5905 | D:8      | 5905 ||| INVOKING Heroism.
  5912 | D:8      | 5912 ||| Stepping ~*~*~tactically~*~*~ (cloud).
  6012 | D:8      | 6012 ||| INVOKING Heroism.
  6080 | D:8      | 6080 ||| DRINKING 2 potions of curing.
  6080 | D:8      | 6080 ||| (to cure confusion)
  6098 | D:8      | 6098 ||| INVOKING Heroism.
  6308 | D:8      | 6308 ||| DROPPING amulet of faith.
  6309 | D:8      | 6309 ||| READING scroll labelled EQADWUOS DAKHLA.
  6310 | D:8      | 6310 ||| DRINKING 3 lumpy cyan potions.
  6311 | D:8      | 6311 ||| DROPPING 2 potions of brilliance.
  6416 | D:9      | Found a runed translucent gate.
  6416 | D:9      | Found a runed translucent gate.
  6416 | D:9      | Found a runed translucent gate.
  6418 | D:9      | Noticed qw's ghost (journeyman GrFi)
  6418 | D:9      | Noticed qw's ghost (novice GrFi)
  6418 | D:9      | Noticed qw's ghost (novice GrFi)
  6438 | D:9      | 6438 ||| Stepping ~*~*~tactically~*~*~ (hiding).
  6451 | D:9      | Found Lycooc's Antique Weapon Boutique.
  6468 | D:9      | Found a staircase to the Orcish Mines.
  6490 | D:9      | Noticed a troll
  6491 | D:9      | 6491 ||| INVOKING Heroism.
  6496 | D:9      | Killed a troll
  6497 | D:9      | Reached skill level 9 in Axes
  6524 | D:9      | Found a snail-covered altar of Cheibriados.
  6527 | D:9      | 6527 ||| INVOKING Heroism.
  6536 | D:9      | Reached XP level 10. HP: 60/60 MP: 11/13
  6566 | D:9      | Noticed an ice statue
  6567 | D:9      | 6567 ||| INVOKING Heroism.
  6574 | D:9      | Killed from afar by an ice statue

Levels and vault maps discovered:
D:1:      minmay_arrival_nine_rooms, layout_loops_ring,
          shapermc_ecumenical_altar_flowoftime
D:2:      layout_loops_ring, st_stairs_10, kennysheep_flooded_box,
          bh_walls_and_bars
D:3:      layout_loops_ring, mainiacjoe_overflow_small_starburst,
          nicolae_ashenzari_panopticon, biasface_ghost_orc_armoury
D:4:      layout_loops_ring
D:5:      layout_basic, mainiacjoe_overflow_chevrons, minmay_temple_entry_grid,
          kennysheep_diamond, nicolae_shop_i_like_big_books,
          hangedman_glass_teeth
D:6:      layout_rooms, nicolae_qazlal_style_of_elements,
          overflow_temple_1_default, chequers_temple_overflow_statue_of_worship
D:7:      layout_rooms, minmay_ruined_shrine
D:8:      layout_gridville, nicolae_dithmenos_shadow_blocks
D:9:      layout_gridville, kennysheep_slug_shrine, david_lair_shrubbed,
          orc_0_dummy, gammafunk_ghost_cemetery, serial_shops, shop,
          minivault_16
Temple:   nicolae_temple_two_arcs

Skill      XL: |  1  2  3  4  5  6  7  8  9 |
---------------+----------------------------+-----
Axes           | 2 3 4 5 7 8 9 |  9.0
Throwing       | 1 |  1.2
Fighting       | 4 5 6 |  6.4
Dodging        | 1 |  1.0
Armour         | 4 |  4.1
Invocations    | 3 4 |  4.2
Shields        | 8 |  8.1

Action                   |  1- 3 |  4- 6 |  7- 9 | 10-12 || total
-------------------------+-------+-------+-------+-------++-------
Melee: War axe           |    83 |   110 |   188 |     7 ||   388
Throw: Boomerang         |    37 |    36 |    40 |       ||   113
Invok: Heroism           |       |       |     9 |     1 ||    10
  Use: Scroll            |     6 |     4 |     7 |       ||    17
       Potion            |     1 |     2 |     4 |       ||     7
Armor: Scale mail        |    42 |    56 |       |       ||    98
       Chain mail        |       |    11 |   118 |     3 ||   132
Dodge: Dodged            |    35 |    56 |    70 |       ||   161
Block: Buckler           |    11 |    23 |    18 |       ||    52
       Kite shield       |       |       |    37 |     1 ||    38

Table legend:
 A = Non-vault XP
 B = Vault XP
 C = Vault XP percentage of total XP
 D = Non-vault monster count
 E = Vault monster count
 F = Vault count percentage of total count
                 A         B        C        D         E       F
            +---------+---------+-------+---------+---------+-------
      Total |    4280 |     469 |   9.9 |     143 |      11 |   7.1
            +---------+---------+-------+---------+---------+-------
        D:1 |      28 |       0 |   0.0 |      20 |       0 |   0.0
        D:2 |      43 |       3 |   6.5 |      11 |       2 |  15.4
        D:3 |      37 |       0 |   0.0 |      14 |       0 |   0.0
        D:4 |     384 |       0 |   0.0 |      26 |       0 |   0.0
        D:5 |     602 |      27 |   4.3 |      20 |       2 |   9.1
        D:6 |     373 |       0 |   0.0 |       9 |       0 |   0.0
        D:7 |     477 |     435 |  47.7 |      10 |       6 |  37.5
        D:8 |    1814 |       0 |   0.0 |      27 |       0 |   0.0
        D:9 |     522 |       4 |   0.8 |       6 |       1 |  14.3
            +---------+---------+-------+---------+---------+-------
